 Dungeon Crawl Stone Soup version 0.28-a0-1199-gef9e1dbd39 (webtiles) character file.

Game seed: 7437615392173710007

520 bcent the Magician (level 7, -15/57 HPs)
             Began as a Yellow Draconian Cinder Acolyte on Dec 19, 2021.
             Was a High Priest of Ignis.
             Demolished by an ogre (18 damage)
             ... on level 5 of the Dungeon on Jan 9, 2022.
             The game lasted 00:09:51 (4829 turns).

bcent the Magician (DrCA)                           Turns: 4829, Time: 00:09:52

Health: -15/57     AC: 11    Str: 17    XL:     7   Next: 1%
Magic:  15/15      EV: 11    Int: 22    God:    Ignis [*****.]
Gold:   154        SH:  0    Dex:  6    Spells: 14/16 levels left

rFire   + . .      SeeInvis .   l - +3 flail (holy)
rCold   . . .      Faith    .   (no shield)
rNeg    . . .      Spirit   .   (armour unavailable)
rPois   .          Reflect  .   (helmet restricted)
rElec   .          Harm     .   f - +1 cloak
rCorr   +          Rampage  .   (no gloves)
Will    .....                   b - +2 pair of boots
Stlth   +.........              (no amulet)
HPRegen 0.19/turn               c - +6 ring of intelligence
MPRegen 0.14/turn               (no ring)

@: no status effects
A: spit acid, AC +6, unfitting armour, cold-blooded, acid resistance
a: Breathe Acid, Renounce Religion, Fiery Armour, Foxfire Swarm, Rising Flame


You were on level 5 of the Dungeon.
You worshipped Ignis.
Ignis was extremely pleased with you.
You visited 1 branch of the dungeon, and saw 6 of its levels.

You collected 154 gold pieces.

Inventory:

Hand Weapons
 a - a -1 spear of flaming
 l - a +3 flail of holy wrath (weapon)
Armour
 b - a +2 pair of boots (worn)
 f - a +1 cloak (worn)
Jewellery
 c - a +6 ring of intelligence (left hand)
Wands
 i - a wand of flame (23)
 o - a wand of paralysis (9)
Scrolls
 d - 2 scrolls of teleportation {unknown}
 e - 5 scrolls of identify {unknown}
 g - a scroll of enchant weapon {unknown}
 k - 3 scrolls of magic mapping {unknown}
 n - a scroll of amnesia {unknown}
 q - a scroll of fog {unknown}
Potions
 h - a potion of magic {unknown}
 j - a potion of cancellation {unknown}
 m - 2 potions of heal wounds {unknown}
 p - 6 potions of curing {unknown}
 r - a potion of degeneration {unknown}
 s - 2 potions of invisibility {unknown}


   Skills:
 + Level 3.5 Fighting
 - Level 3.0 Polearms
 + Level 0.6 Dodging
 * Level 5.4 Spellcasting
 - Level 5.0 Fire Magic


You had 14 spell levels left.
You knew the following spells:

 Your Spells              Type           Power      Damage    Failure   Level
a - Scorch                Fire           56%        2d8       1%          2

Your spell library contained the following spells:

 Spells                   Type           Power      Damage    Failure   Level


Dungeon Overview and Level Annotations

Branches:
Dungeon (6/15)             Temple (0/1) D:4

Altars:
Sif Muna

Shops:
D:4 =*[

Annotations:
D:4 exclusion: oklob sapling


Innate Abilities, Weirdness & Mutations

You can spit globs of acid.
Your golden yellow scales are hard. (AC +6)
You cannot fit into any form of body armour.
You are cold-blooded and may be slowed by cold attacks.
You are resistant to acid. (rCorr)


Message History

The phantom hits you.
The phantom hits you but does no damage.
The phantom hits you but does no damage.
The phantom hits you but does no damage.
The phantom barely misses you.
The phantom hits you but does no damage.
The phantom closely misses you.
The phantom hits you but does no damage.
The phantom misses you. The phantom closely misses you.
The phantom hits you but does no damage.
The phantom hits you.
The phantom blinks!
You blink.
The phantom hits you.
The phantom blinks!
You blink.
The phantom hits you. The phantom misses you. The phantom barely misses you.
The phantom misses you. The phantom closely misses you. The phantom hits you.
The phantom closely misses you. The phantom hits you.
The phantom blinks!
You blink.
An ogre comes into view. It is wielding a +0 giant club.
The ogre shouts!
The phantom hits you but does no damage.
The phantom closely misses you. The phantom closely misses you.
The phantom closely misses you. The phantom barely misses you.
The phantom barely misses you. The ogre closely misses you.
The phantom hits you. The ogre closely misses you.
The phantom completely misses you. The ogre barely misses you.
The phantom barely misses you. The phantom hits you!
The ogre closely misses you. The phantom closely misses you.
The ogre barely misses you. The phantom barely misses you.
The ogre hits you with a +0 giant club!!
* * * LOW HITPOINT WARNING * * *
The phantom misses you.
The ogre hits you with a +0 giant club!!
You die...

#...............#
###............#
#...........>#
#....######### #....#
#....# #....# #+###....
###...W###### ........#
#....@O...... ........#
#............ ........#
#............ ........#
#............ ........#
#............
........####............
#+###.....####....###+#.
....'.....+ #....#
....#.....# #....#


You could see a phantom and an ogre.

Vanquished Creatures
  Grinder (D:4)
  A phantom (D:4)
  Blork the orc (D:4)
  Ijyb (D:4)
  A howler monkey zombie (D:5)
  3 gnolls (D:4)
  6 adders
  4 dart slugs
  3 worms
  An orc (D:6)
  2 endoplasms (D:3)
  2 giant cockroaches
  3 goblins
  5 hobgoblins
  2 jackals (D:1)
  5 quokkas
  5 ball pythons
  5 bats
  2 frilled lizards
  4 kobolds
  2 rats (D:3)
59 creatures vanquished.

Notes
Turn   | Place    | Note
-------+----------+-------------------------------------------
     0 | D:1      | bcent the Draconian Cinder Acolyte began the quest for the
                  | Orb.
     0 | D:1      | Reached XP level 1. HP: 19/19 MP: 2/2
   207 | D:1      | Reached XP level 2. HP: 25/26 MP: 2/4
   339 | D:1      | Learned a level 2 spell: Scorch
   743 | D:2      | Reached XP level 3. HP: 28/31 MP: 1/6
  1731 | D:3      | Reached XP level 4. HP: 38/38 MP: 3/8
  1968 | D:3      | You fall into a shaft and drop 3 floors!
  2105 | D:5      | Entered Level 5 of the Dungeon
  2108 | D:4      | Found a staircase to the Ecumenical Temple.
  2111 | D:4      | Noticed Ijyb
  2114 | D:4      | Killed Ijyb
  2321 | D:4      | Noticed Grinder
  2359 | D:4      | Reached XP level 5. HP: 25/45 MP: 1/10
  2368 | D:4      | Paralysed by Grinder for 5 turns
  2375 | D:4      | Killed Grinder
  2376 | D:4      | Reached XP level 6. HP: 4/51 MP: 1/13
  2943 | D:3      | Found a shimmering blue altar of Sif Muna.
  3864 | D:4      | Found Didi's Assorted Antiques.
  3896 | D:4      | Found Limmaxia's Jewellery Emporium.
  3900 | D:4      | Reached skill level 5 in Spellcasting
  4018 | D:4      | Found Guan's Antique Armour Boutique.
  4083 | D:4      | Reached skill level 5 in Fire Magic
  4213 | D:4      | Noticed Blork the orc
  4219 | D:4      | Killed Blork the orc
  4562 | D:5      | Your scales start taking on a golden yellow colour.
  4562 | D:5      | Reached XP level 7. HP: 57/57 MP: 6/15
  4562 | D:5      | Gained mutation: You are resistant to acid. (rCorr) [Yellow
                  | Draconian growth]
  4829 | D:5      | Demolished by an ogre

Illustrated notes

Levels and vault maps discovered:
D:1:      ncdulo_halloftheorcs, layout_rooms
D:2:      layout_basic
D:3:      minmay_door_path, layout_loops_cross, nicolae_overflow_hidden_temple,
          minmay_misc_feat_rugged, lemuel_flame_loot_1
D:4:      layout_basic, minmay_temple_entry_oklob, serial_shops,
          nicolae_shop_behind_doors, shop_fountains, nicolae_shop_stone,
          serial_forest, infiniplex_forest_lined_room_,
          infiniplex_forest_straight_3, infiniplex_forest_lined_corner,
          infiniplex_forest_lined_corner, infiniplex_forest_lined_room_3,
          infiniplex_forest_straight_2, kennysheep_minor_cross, uniq_ijyb,
          uniq_blork_the_orc, uniq_grinder
D:5:      layout_gridville, minmay_tree_intersection
D:6:      layout_gridville, nicolae_overflow_crystal_walls,
          grunt_temple_overflow_open

Skill      XL: |  1  2  3  4  5  6 |
---------------+-------------------+-----
Spellcasting   | 2 3 4 5 |  5.4
Fire Magic     | 4 5 |  5.0
Fighting       | |  3.5
Polearms       | |  3.0
Dodging        | |  0.6

Action                   |  1- 3 |  4- 6 |  7- 9 || total
-------------------------+-------+-------+-------++-------
Melee: Spear             |    87 |    18 |       ||   105
       Tailslap          |     8 |     3 |       ||    11
       Flail             |       |    11 |       ||    11
 Cast: Scorch            |    20 |    46 |       ||    66
Armor: Skin              |    30 |    16 |    16 ||    62
Dodge: Dodged            |    51 |    22 |    36 ||   109

Table legend: (Time is in decaauts)
 A = Elapsed time spent in this place.
 B = Non-inter-level travel time spent in this place.
 C = Inter-level travel time spent in this place.
 D = Time resting spent in this place.
 E = Time spent auto-exploring this place.
 F = Levels seen in this place.
 G = Mean time per level.
                   A        B        C        D        E       F      G
               +--------+--------+--------+--------+--------+-----+--------+
         Total |   4828 |   4662 |    166 |      0 |   4106 |   6 |  804.7 |
       Dungeon |   4828 |   4662 |    166 |      0 |   4106 |   6 |  804.7 |
               +--------+--------+--------+--------+--------+-----+--------+

Top non-repeatable levels by time:
     D:4: 1669 daAuts
     D:3: 1243 daAuts
     D:2: 970 daAuts
     D:1: 527 daAuts
     D:5: 280 daAuts
     D:6: 136 daAuts
